 Dungeon Crawl Stone Soup version 0.15.2 (webtiles) character file.

18 magipi the Caller (level 2, -1/15 HPs)
             Began as a Tengu Summoner on Apr 16, 2015.
             Slain by a worker ant (5 damage)
             ... on Level 4 of the Dungeon.
             The game lasted 00:10:25 (2432 turns).

magipi the Caller (Tengu Summoner)                  Turns: 2432, Time: 00:10:26

HP  -1/15        AC  4     Str  8      XL: 2   Next: 70%
MP   1/5         EV 12     Int 15      God:
Gold 138         SH  0     Dex 14      Spells:  2 memorised,  2 levels left

rFire  . . .     SeeInvis .     a - +0 trident (curse)
rCold  + . .     Clarity  .     h - +2 robe {Archmagi}
rNeg   . . .     rCorr    .     (no shield)
rPois  .         rRot     .     (helmet restricted)
rElec  .         Spirit   .     (no cloak)
SustAb .         Warding  .     (no gloves)
rMut   .         Stasis   .     (boots unavailable)
Gourm  .                        (no amulet)
MR     .....                    (no ring)
                                o - ring of protection from cold

@: not resistant to hostile enchantments, unstealthy
A: beak, talons 3
a: no special abilities


You were on level 4 of the Dungeon.
You were not hungry.

You visited 1 branch of the dungeon, and saw 4 of its levels.

You collected 138 gold pieces.

Inventory:

Hand weapons
 a - a cursed +0 trident (weapon)
Missiles
 e - 37 poisoned needles
Armour
 h - a +2 robe of the Archmagi (worn)
Magical devices
 l - a wand of polymorph (8) {unknown}
Comestibles
 c - 3 bread rations
 g - 4 fruits
Jewellery
 o - a ring of protection from cold (left hand)
Potions
 f - a potion of flight {unknown}
 i - a potion of curing {unknown}
 j - a potion of cancellation {unknown}
 k - a potion of berserk rage {unknown}
 m - 2 potions of poison {unknown}
 n - a potion of brilliance {unknown}
Books
 b - a book of Callings

   Spells                             Type                      Level
   *Summon Small Mammal               Summoning                    1
   *Call Imp                          Summoning                    2
   Call Canine Familiar               Summoning                    3
   Summon Guardian Golem              Hexes/Summoning              4
   Summon Lightning Spire             Summoning/Air                4
   Summon Ice Beast                   Ice/Summoning                4


   Skills:
 - Level 2.1 Dodging
 - Level 2.0 Stealth
 + Level 2.2 Spellcasting
 + Level 5.5 Summonings


You had 2 spell levels left.
You knew the following spells:

 Your Spells              Type           Power        Failure   Level  Hunger
a - Summon Small Mammal   Summ           ####         1%          1    #......
b - Call Imp              Summ           ####....     3%          2    ###....


Dungeon Overview and Level Annotations

Branches:
Dungeon (4/15)             Temple (0/1) D:4

Altars:
Fedhas
Trog

Annotations:
D:2 Terence
D:4 Prince Ribbit


Innate Abilities, Weirdness & Mutations

You have a beak for a mouth.
You have claws for feet.

Vault maps used:
D:1:      shiori_arrival_whats_in_store_for_you
D:2:      uniq_terence, uniq_sigmund
D:3:      tgw_xom, lightli_temple_of_fire, overflow_temple_1_default
D:4:      temple_statues, uniq_prince_ribbit1, uniq_iyjb


Message History

Adjust to which letter? (? for menu, Esc to quit)
a - a cursed +0 trident (weapon)
A rat comes into view.
Found a stone staircase leading down.
You hit the rat.
The rat is moderately wounded.
The rat bites you but does no damage.
You closely miss the rat. You claw the rat. Your peck misses the rat.
The rat is severely wounded.
The rat closely misses you. The rat barely misses you.
You hit the rat.
You kill the rat!
A worker ant comes into view.
Found a leather armour.
Casting: Call Imp
Confirm with . or Enter, or press ? or * to list all spells.
You feel a surge of power!
A beastly little devil appears in a puff of flame.
The worker ant twitches its antennae in your direction.
Casting: Call Imp
Confirm with . or Enter, or press ? or * to list all spells.
You feel a surge of power!
A beastly little devil appears in a puff of flame.
Your crimson imp hits the worker ant but does no damage.
Your crimson imp hits the worker ant but does no damage.
Your crimson imp blinks!
Casting: Call Imp
Confirm with . or Enter, or press ? or * to list all spells.
You feel a surge of power!
Your crimson imp barely misses the worker ant.
The worker ant bites you.
Unknown command.
Your crimson imp hits the worker ant.
Your rat bites the worker ant but does no damage.
Your crimson imp shouts, "Over here!
I found it!"
Your crimson imp blinks!
Casting: Summon Small Mammal
Confirm with . or Enter, or press ? or * to list all spells.
You don't have enough magic to cast that spell.
Unknown command.
Unknown command.
You barely miss the worker ant.
The worker ant is lightly wounded.
The worker ant bites you.
Your crimson imp barely misses the worker ant.
Your rat bites the worker ant but does no damage.
Unknown command.
You barely miss the worker ant.
The worker ant is lightly wounded.
The worker ant barely misses you.
Your crimson imp hits the worker ant but does no damage.
Your rat closely misses the worker ant.
The worker ant misses you.
Unknown command.
Your crimson imp hits the worker ant but does no damage.
Your rat bites the worker ant but does no damage.
The worker ant misses you.
Casting: Summon Small Mammal
Confirm with . or Enter, or press ? or * to list all spells.
You feel a surge of power!
Your rat bites the worker ant but does no damage.
The worker ant bites you but does no damage.
Unknown command.
Your crimson imp blinks! x2
Your rat closely misses the worker ant.
You swap places.
Your crimson imp closely misses the worker ant.
Your crimson imp blinks!
Your quokka bites the worker ant but does no damage.
The worker ant bites you.
* * * LOW HITPOINT WARNING * * *
Your crimson imp hits the worker ant.
The worker ant misses your crimson imp.
Your quokka bites the worker ant.
Your crimson imp closely misses the worker ant.
The worker ant barely misses your crimson imp.
Your quokka closely misses the worker ant.
Your rat bites the worker ant.
Your crimson imp hits the worker ant.
Your crimson imp hits the worker ant.
Your rat bites the worker ant but does no damage.
Your crimson imp hits the worker ant but does no damage.
Found a cloak.
The worker ant closely misses you.
Casting: Summon Small Mammal
Confirm with . or Enter, or press ? or * to list all spells.
You feel a surge of power!
Your quokka barely misses the worker ant.
The worker ant barely misses you.
Your quokka barely misses the worker ant.
Your quokka misses the worker ant. You barely miss the worker ant.
Your kick misses the worker ant.
The worker ant is heavily wounded.
The worker ant bites you but does no damage.
Your quokka bites the worker ant.
The worker ant barely misses you.
Your quokka closely misses the worker ant.
Your quokka bites the worker ant.
Your quokka barely misses the worker ant.
You closely miss the worker ant.
The worker ant is almost dead.
The worker ant bites you.
You die...

#...............#...##
#.....#..............##
.....##..#............###.
.....##..##..............#
.....##..##......r.....##
.....##..#.....###......###
.....##........# #.........
.....##......rr###.........
.....##.......ra@.......##[
......#.....(..........##
............##........##
....##.....#####.......#
...........## ###.......
?...........## ##.....
.............# ....
......###......# ...
....### #..#....... #


You could see a worker ant, 2 friendly quokkas and a friendly rat.

Table legend:
 A = Kills in this place as a percentage of kills in entire the game.
 B = Kills by you in this place as a percentage of kills by you in the entire game.
 C = Kills by friends in this place as a percentage of kills by friends in the entire game.
 D = Other kills in this place as a percentage of other kills in the entire game.
 E = Experience gained in this place as a percentage of experience gained in the entire game.
 F = Experience gained in this place divided by the number of levels of this place that you have seen.
                   A       B       C       D       E      F
               +-------+-------+-------+-------+-------+----------------------
         Total | 100.0 | 100.0 | 100.0 |  -nan | 100.0 |   6.8
       Dungeon | 100.0 | 100.0 | 100.0 |  -nan | 100.0 |   6.8
               +-------+-------+-------+-------+-------+----------------------

Vanquished Creatures
  2 goblins
  2 rats
4 creatures vanquished.

Vanquished Creatures (collateral kills)
  An ooze (D:3)
  An orc (D:3)
  A bat (D:3)
  A giant cockroach (D:3)
  2 goblins
  5 hobgoblins
  A quokka (D:2)
  2 ball pythons
  2 giant newts (D:1)
  2 kobolds
  2 rats
20 creatures vanquished.

Vanquished Creatures (others)
  2 quokkas
  3 bats
  2 rats
7 creatures vanquished.

Grand Total: 31 creatures vanquished

Notes
Turn   | Place    | Note
--------------------------------------------------------------
     0 | D:1      | magipi, the Tengu Summoner, began the quest for the Orb.
     0 | D:1      | Reached XP level 1. HP: 10/10 MP: 3/3
     1 | D:1      | Noticed a vine stalker
     3 | D:1      | Noticed a draconian zombie
     3 | D:1      | Noticed an elf zombie
     5 | D:1      | Noticed a formicid zombie
     7 | D:1      | Noticed a minotaur
     8 | D:1      | Noticed a dwarf
    13 | D:1      | Noticed a draconian
    16 | D:1      | Noticed a minotaur
    16 | D:1      | Noticed a spriggan zombie
    18 | D:1      | Noticed a spriggan zombie
   330 | D:1      | Reached skill level 5 in Summonings
  1213 | D:2      | Reached XP level 2. HP: 15/15 MP: 5/5
  1226 | D:2      | Learned a level 2 spell: Call Imp
  1247 | D:2      | Noticed Terence
  1401 | D:3      | Found a bloodstained altar of Trog.
  1718 | D:3      | Found a blossoming altar of Fedhas.
  2168 | D:4      | Found a staircase to the Ecumenical Temple.
  2168 | D:4      | Noticed Prince Ribbit
  2432 | D:4      | Slain by a worker ant

Action                   || total
-------------------------++-------
Melee: Whip              ||    10
       Trident           ||     7
 Cast: Summon Small Mamm ||    29
       Call Imp          ||    12
  Use: Scroll            ||     5
  Eat: Fruit             ||     3
       Chunk             ||     3

Action                   || total
-------------------------++-------
Melee: Whip              ||    10
       Trident           ||     7
 Cast: Summon Small Mamm ||    29
       Call Imp          ||    12
  Use: Scroll            ||     5
  Eat: Fruit             ||     3
       Chunk             ||     3

Action                   || total
-------------------------++-------
Melee: Whip              ||    10
       Trident           ||     7
 Cast: Summon Small Mamm ||    29
       Call Imp          ||    12
  Use: Scroll            ||     5
  Eat: Fruit             ||     3
       Chunk             ||     3
